 Dungeon Crawl Stone Soup version 0.31.0-11-ge490571c62 (webtiles) character file.

Game seed: 422897224840278470

2449021 browni3141 the Hoplite (level 21, 202/202 HPs)
             Began as a Minotaur Fighter on Jan 29, 2024.
             Was the Champion of Okawaru.
             Escaped with the Orb
             ... and 3 runes
             ... and 3 gems (all intact)!
             The game lasted 00:44:33 (37356 turns).

browni3141 the Hoplite (Minotaur Fighter)          Turns: 37356, Time: 00:44:34

Health: 202/202    AC: 24    Str: 32    XL:     21   Next: 59%
Magic:  30/30      EV:  9    Int:  4    God:    Okawaru [******]
Gold:   468        SH: 33    Dex: 16    Spells: 20/20 levels left

rFire   + + .        c - +7 broad axe (elec)
rCold   + + +        K - +8 tower shield
rNeg    + . .        V - +1 plate armour {rC+}
rPois   +            F - +2 hat
rElec   +            u - +2 cloak of the Buccaneer {rN+ Regen+ Int+2}
rCorr   .            (no gloves)
SInv    +            L - +1 pair of boots
Will    +....        Z - amulet "Redef" {Faith -Cast rPois Dex+3 Slay+3} Stlth
                     R - ring of Cirurch {+Blink rF+}
HPRegen 1.33/turn    o - ring of Papt {*Slow rElec rF+ rC+ SInv}
MPRegen 0.22/turn

%: no spellcasting, random rage (3%), slow self (1%), faith
@: no status effects
A: horns 2, retaliatory headbutt, fangs 1, berserk 1, cold resistance 1,
deformed body, dopey 1, strong 1, persistent drain
0: Orb of Zot
}: 3/15 runes: decaying, serpentine, slimy
a: Renounce Religion, Evoke Blink, Heroism, Finesse, Duel


You escaped.
You worshipped Okawaru.
Okawaru was exalted by your worship.
You visited 8 branches of the dungeon, and saw 44 of its levels.
You also visited: Gauntlet and Ice Cave.

You collected 3602 gold pieces.
You spent 3134 gold pieces at shops.

Inventory:

Hand Weapons
 c - a +7 broad axe of electrocution (weapon)
Missiles
 j - 18 javelins (quivered)
 l - 6 curare-tipped darts
 y - 21 boomerangs
 M - 8 silver javelins
 Y - 3 datura-tipped darts
Armour
 u - the +2 cloak of the Buccaneer (worn) {rN+ Regen+ Int+2}
   (Okawaru gifted it to you on level 5 of the Lair of Beasts)

   Int+2:     It affects your intelligence (+2).
   rN+:       It protects you from negative energy.
   Regen+:    It increases your rate of health regeneration.
 F - a +2 hat (worn)
 K - a +8 tower shield (worn)
 L - a +1 pair of boots (worn)
 V - a +1 plate armour of cold resistance (worn)
Jewellery
 a - the ring "Teherhi" {rElec rPois}
   (You found it in a Gauntlet)

   [ring of poison resistance]

   rElec:     It insulates you from electricity.
   rPois:     It protects you from poison
 h - a ring of willpower
 o - the ring of Papt (right hand) {*Slow rElec rF+ rC+ SInv}
   (You found it in an ice cave)

   [ring of protection from cold]

   rF+:       It protects you from fire.
   rC+:       It protects you from cold.
   rElec:     It insulates you from electricity.
   SInv:      It lets you see invisible.
   *Slow:     It may slow you when you take damage.
 R - the ring of Cirurch (left hand) {+Blink rF+}
   (You found it on level 5 of the Pits of Slime)

   [ring of protection from fire]

   rF+:       It protects you from fire.
   +Blink:    It lets you blink.
 T - a ring of resist corrosion
 W - the ring of the Tortoise {AC+8}
   (You found it on level 8 of the Dungeon)

   [ring of protection]

   AC+8:      It affects your AC (+8).
 Z - the amulet "Redef" (around neck) {Faith -Cast rPois Dex+3 Slay+3}
   (You took it off a minotaur in a Gauntlet)

   [amulet of faith]

   Faith:     It allows you to gain divine favour quickly.
   Dex+3:     It affects your dexterity (+3).
   Slay+3:    It affects your accuracy & damage with ranged weapons and melee
   (+3).
   rPois:     It protects you from poison -Cast: It prevents spellcasting.
Wands
 B - a wand of flame (91)
 C - a wand of roots (40)
 I - a wand of digging (2)
 J - a wand of paralysis (34)
 O - a wand of acid (62)
Scrolls
 b - 2 scrolls of torment
 f - 2 scrolls of summoning
 g - 4 scrolls of fog
 i - 6 scrolls of teleportation
 p - 4 scrolls of poison
 q - 5 scrolls of vulnerability
 r - 6 scrolls of identify
 v - 5 scrolls of immolation
 H - 4 scrolls of noise
 Q - a scroll of fear
 X - a scroll of silence
Potions
 d - a potion of might
 e - a potion of resistance
 k - a potion of mutation
 m - a potion of curing
 n - 7 potions of berserk rage
 s - a potion of brilliance
 t - 4 potions of degeneration
 x - a potion of heal wounds
 z - 3 potions of haste
 A - 5 potions of cancellation
 D - 2 potions of attraction
 E - 4 potions of invisibility
 G - a potion of magic
 N - 5 potions of lignification
 U - 3 potions of enlightenment
Miscellaneous
 w - a phial of floods (inert)
 S - a condenser vane


   Skills:
 + Level 20.7 Fighting
 - Level 18.0 Axes
 - Level 11.0 Throwing
 + Level 20.5 Armour
 * Level 26.7 Shields
 - Level 14.0 Invocations


You had 20 spell levels left.
You didn't know any spells.
Your spell library contained the following spells:

 Spells                   Type           Power      Damage    Failure   Level
 Freeze                   Ice            0%         1d3       91%         1
 Kiss of Death            Conj/Necr      0%         2d5       91%         1
 Necrotise                Necr           0%         1d4       91%         1
 Shock                    Conj/Air       0%         1d3       91%         1
 Slow                     Hex            0%         N/A       91%         1
 Blink                    Tloc           0%         N/A       97%         2
 Cigotuvi's Dreadful Rot  Necr/Alch/Air  0%         N/A       97%         2
 Ensorcelled Hibernation  Hex/Ice        0%         N/A       97%         2
 Lesser Beckoning         Tloc           0%         N/A       97%         2
 Momentum Strike          Conj/Tloc      0%         3d8       97%         2
 Sublimation of Blood     Necr           0%         N/A       97%         2
 Confusing Touch          Hex            0%         N/A       99%         3
 Dazzling Flash           Conj/Hex       0%         N/A       99%         3
 Frozen Ramparts          Ice            0%         1d1       99%         3
 Hailstorm                Conj/Ice       0%         3d5       99%         3
 Inner Flame              Hex/Fire       0%         N/A       99%         3
 Mephitic Cloud           Conj/Alch/Air  0%         N/A       99%         3
 Ozocubu's Armour         Ice            0%         N/A       99%         3
 Sigil of Binding         Hex            0%         N/A       99%         3
 Stone Arrow              Conj/Erth      0%         3d7       99%         3
 Swiftness                Air            0%         N/A       99%         3
 Vampiric Draining        Necr           0%         2d6       99%         3
 Airstrike                Air            0%         2d(0-16)  100%        4
 Brom's Barrelling Bould  Conj/Erth      0%         2d3       100%        4
 Cause Fear               Hex            0%         N/A       100%        4
 Dispel Undead            Necr           0%         3d6       100%        4
 Flame Wave               Conj/Fire      0%         2d4       100%        4
 Olgreb's Toxic Radiance  Alch           0%         N/A       100%        4
 Sticky Flame             Fire/Alch      0%         2d4       100%        4
 Vhi's Electric Charge    Tloc/Air       0%         N/A       100%        4
 Alistair's Intoxication  Alch           0%         N/A       100%        5
 Arcjolt                  Conj/Air       0%         1d10      100%        5
 Borgnjor's Vile Clutch   Necr/Erth      0%         N/A       100%        5
 Curse of Agony           Necr           0%         N/A       100%        5
 Fireball                 Conj/Fire      0%         3d3       100%        5
 Freezing Cloud           Conj/Ice/Air   0%         6-21      100%        5
 Irradiate                Conj/Alch      0%         3d11      100%        5
 Iskenderun's Battlesphe  Conj           0%         2d6       100%        5
 Lee's Rapid Deconstruct  Erth           0%         3d4*      100%        5
 Metabolic Englaciation   Hex/Ice        0%         N/A       100%        5
 Silence                  Hex/Air        0%         N/A       100%        5
 Bombard                  Conj/Erth      0%         9d1       100%        6
 Eringya's Noxious Bog    Alch           0%         4d6       100%        6
 Plasma Beam              Fire/Air       0%         2x1d10    100%        6
 Starburst                Conj/Fire      0%         6d3       100%        6
 Ozocubu's Refrigeration  Ice            0%         4d7       100%        7
 Discord                  Hex            0%         N/A       100%        8
 Ignition                 Fire           0%         3d3       100%        8
 Lehudib's Crystal Spear  Conj/Erth      0%         10d2      100%        8
 Call Imp                 Summ           Unusable   N/A       N/A         2
 Summon Ice Beast         Ice/Summ       Unusable   N/A       N/A         3
 Animate Armour           Summ/Erth      Unusable   N/A       N/A         4
 Animate Dead             Necr           Unusable   N/A       N/A         4
 Martyr's Knell           Necr/Summ      Unusable   N/A       N/A         4
 Summon Lightning Spire   Summ/Air       Unusable   N/A       N/A         4
 Death Channel            Necr           Unusable   N/A       N/A         6
 Sculpt Simulacrum        Ice/Alch       Unusable   N/A       N/A         6
 Summon Hydra             Summ           Unusable   N/A       N/A         7
 Dragon's Call            Summ           Unusable   N/A       N/A         9

Dungeon Overview and Level Annotations

Branches:
Dungeon (15/15)            Temple (0/1) D:7            Lair (5/5) D:11
  Swamp (4/4) Lair:2        Snake (4/4) Lair:3        Slime (5/5) Lair:4
    Orc (2/2) D:11            Elf (0/3) Orc:2        Vaults (0/5) D:14
 Depths (4/4) D:15            Zot (5/5) Depths:4      IceCv (visited)
Gauntlet (visited)

Altars:
Ashenzari
Dithmenos
Fedhas
Kikubaaqudgha
Makhleb
Nemelex Xobeh
Okawaru
Qazlal
Sif Muna
Uskayaw
Vehumet
Wu Jian
Jiyva

Shops:
D:1 =[=   D:5 *   D:15 !   Orc:1 !!!*[   Orc:2 ([*:   Snake:4 =:==

Portals:
Hell: Depths:4
Pandemonium: Depths:2

Annotations:
Swamp:4 Lernaean hydra
Snake:4 3 runed translucent doors, Roxanne; Tang's ghost, adept VSBr


Innate Abilities, Weirdness & Mutations

You have a pair of horns on your head.
You reflexively headbutt those who attack you in melee.
You have very sharp teeth.
You sometimes lose your temper in combat.
Your flesh is cold resistant. (rC+)
Armour fits poorly on your strangely shaped body.
You are dopey. (Int -2)
Your muscles are strong. (Str +4, Int/Dex -1)
Your health recovers twice as slowly from being drained.


Message History

Okawaru accepts your kill.
No target in view!
No target in view!
What level of the Dungeon? (default 9, ? - help)
There is a stone staircase leading up here.
You climb upwards.
There is a stone staircase leading down here.
HP restored.
There is a stone staircase leading up here.
There is a stone staircase leading up here.
You climb upwards.
There is a stone staircase leading down here.
There is a stone staircase leading up here.
You climb upwards.
There is a stone staircase leading down here.
There is a stone staircase leading up here.
You climb upwards.
There is a stone staircase leading down here.
An Orb Guardian comes into view.
You block the Orb Guardian's attack. You block the Orb Guardian's attack.
You slash the Orb Guardian! You headbutt the Orb Guardian.
Your bite misses the Orb Guardian.
The Orb Guardian is moderately wounded.
You block the Orb Guardian's attack.
You slice the Orb Guardian!! You headbutt the Orb Guardian.
The Orb Guardian is severely wounded.
The Orb Guardian hits you!!
You hit the Orb Guardian but do no damage.
The Orb Guardian is severely wounded.
You block the Orb Guardian's attack.
You closely miss the Orb Guardian. You headbutt the Orb Guardian!
You bite the Orb Guardian, but do no damage.
The Orb Guardian is severely wounded.
You block the Orb Guardian's attack. The Orb Guardian hits you!
You slash the Orb Guardian!
You headbutt the Orb Guardian, but do no damage.
The Orb Guardian is almost dead.
You block the Orb Guardian's attack.
A red film seems to cover your vision as you go berserk!
You feel yourself moving faster!
You feel mighty!
You slice the Orb Guardian!!
You kill the Orb Guardian!
Okawaru accepts your kill.
No target in view!
You start resting.
You feel a strong urge to attack something.
A rust devil comes into view.
A rust devil is nearby!
A rust devil is nearby!
A rust devil is nearby!
You feel your anger nearly subside.
You are no longer berserk.
You are exhausted.
You feel yourself slow down.
There is a stone staircase leading up here.
You climb upwards.
There is a stone staircase leading down here.
What level of the Dungeon? (default 1, ? - help) HP restored.
There is an open door here.
A Guskup, a small abomination and a neqoxec come into view.
The neqoxec shouts!
There is a stone staircase leading up here.
The neqoxec gestures at you. Something gnaws on your mind!
You feel your power leaking away.
You climb upwards.
There is a stone staircase leading down here.
What level of the Dungeon? (default 1, ? - help) HP restored.
You feel yourself speed up.
You recover from your berserk rage.
Magic restored.
There is a stone staircase leading up here.
You climb upwards.
There is a stone staircase leading down here.
A reaper comes into view.
It is wielding a +4 scythe of protection.
You block the reaper's attack. You block the reaper's attack.
You slice the reaper!!
The reaper is heavily wounded.
You hit the reaper but do no damage.
The reaper is heavily wounded.
You block the reaper's attack.
You barely miss the reaper. You headbutt the reaper.
The reaper is heavily wounded.
The reaper hits you but does no damage.
You closely miss the reaper.
You headbutt the reaper, but do no damage.
The reaper is heavily wounded.
You chop the reaper into pieces!!!
You kill the reaper!
Okawaru accepts your kill.
No target in view!
What level of the Dungeon? (default 1, ? - help)
There is an open door here.
There is an open door here.
There is a staircase leading out of the dungeon here.
You have escaped!

###### ##+####'####'##≈.# .....#
#.#.......#.#≈≈.# .....#
#.#...8...#.#≈≈.# .....##
#.+.#####.'.#≈≈.# ......#
#≈≈#.#...8...#.#≈≈.# ......#
#≈≈#.#.......#.#≈≈.# ....).###
#≈##'####'####'##≈.# ........####
#≈#..'.......+..#≈.#
........)..###≈#@.####'####.⌠#≈.#
............##≈####≈≈≈.≈≈≈####≈†#
..........#+##≈≈≈≈≈≈≈≈.≈≈≈≈≈≈≈≈.#
..###.........#....#........##..#
..# #.........#.##.#.######.##.##
..# #.........#.#..#.# #.#..# ..#
#.........'....#.# #.#.##
#####.........#..###.### #...#
#.....................####..##


There were no monsters in sight!

Vanquished Creatures
  the Royal Jelly (Slime:5)
  5 dread liches
  2 ancient liches (Zot:5)
  5 orbs of fire
  8 Killer Klowns
  3 golden dragons
  A bone dragon (Depths:4)
  3 electric golems
  10 tentacled monstrosities
  27 Orb Guardians
  A walking frostbound tome (Depths:4)
  Rupert (Orc:2)
  A lich (Depths:2)
  2 quicksilver dragons
  An Executioner (D:8)
  6 death cobs
  A sphinx (Depths:1)
  28 acid blobs
  4 storm dragons
  3 shadow dragons
  Donald (Orc:2)
  6 protean progenitors
  6 nagarajas (Snake:4)
  8 azure jellies
  2 draconian monks
  A fire giant (Depths:4)
  5 rockslimes
  3 draconian shifters
  A frost giant (Depths:2)
  4 draconian scorchers
  2 ghost moths (Zot:5)
  A cacodemon (D:12)
  3 draconian annihilators
  An orc warlord (Orc:2)
  2 reapers
  8 very ugly things
  A draconian stormcaller (Zot:3)
  13 quicksilver oozes
  6 formless jellyfish (Slime:5)
  4 stone giants
  A vampire knight (D:15)
  8 green draconians
  7 black draconians
  3 white draconians
  2 eleionomae
  12 red draconians
  A bunyip (Zot:1)
  Azrael (Snake:1)
  2 dire elephants
  8 yellow draconians
  A minotaur (Gauntlet)
  6 purple draconians
  2 ettins (Depths:2)
  4 fire dragons
  A blizzard demon (Zot:2)
  3 jiangshi (Depths:2)
  Fannar (Lair:3)
  7 ice dragons
  11 hydras
  5 great orbs of eyes
  2 jorogumos (Zot:2)
  4 vault guards (D:14)
  2 catoblepae
  A salamander tyrant (Depths:3)
  Erolcha (D:12)
  3 rakshasas
  3 alligators
  An ogre mage (D:14)
  2 boulder beetles
  5 anacondas (Snake:4)
  3 two-headed ogres
  2 centaur warriors
  9 naga warriors (Snake:4)
  6 deep troll earth magi
  A death knight (D:14)
  6 death yaks (Lair:4)
  5 tengu warriors
  5 deep troll shamans
  A vampire mage (Depths:2)
  4 orc high priests
  A spriggan berserker (Depths:4)
  3 shock serpents (Snake:4)
  A soul eater (D:15)
  9 naga sharpshooters (Snake:4)
  A skyshark (Lair:5)
  7 hell knights
  A deep elf knight (D:14)
  5 salamander mystics
  3 sixfirhies
  2 goliath frogs (Swamp:3)
  5 deep trolls
  A fire crab (Lair:5)
  A storm dragon skeleton (Depths:1)
  A glowing orange brain (Depths:1)
  A golden dragon skeleton (Depths:1)
  6 iron trolls
  Pikel (D:6)
  3 mana vipers (Snake:4)
  An arcanist (D:14)
  4 naga ritualists (Snake:4)
  An orange crystal statue (IceCv)
  2 swamp dragons
  A harpy (shapeshifter) (D:13)
  A deep elf pyromancer (D:12)
  A necromancer (Depths:1)
  A wolf spider (Zot:2)
  4 orc knights
  4 orc sorcerers (Orc:2)
  An anaconda skeleton (Snake:1)
  3 shining eyes (Slime:5)
  5 cyclopes
  3 oklob plants (Lair:4)
  23 ugly things
  9 moths of wrath
  7 manticores
  9 salamanders
  15 elephants
  28 black mambas
  Joseph (D:7)
  7 guardian serpents (Snake:4)
  5 kobold blastminers (Orc:1)
  8 naga magi (Snake:4)
  10 cane toads
  An orange demon (D:12)
  2 rime drakes (Lair:5)
  A storm dragon simulacrum (Depths:1)
  2 eyes of devastation (Slime:5)
  3 molten gargoyles (Lair:5)
  An ice statue (Snake:4)
  Maggie (D:6)
  3 hellions
  2 efreet
  2 yaktaurs (D:14)
  A tormentor (Zot:5)
  2 unseen horrors
  12 komodo dragons
  3 hellwings (Zot:4)
  3 merfolk (Zot:2)
  A polar bear (Lair:5)
  4 hornets
  4 tyrant leeches
  Grinder (D:3)
  5 trolls
  7 dream sheep (Lair:5)
  14 blink frogs
  A glass eye (Slime:5)
  Sigmund (D:6)
  94 slime creatures
  A small abomination (Zot:1)
  2 centaur simulacra (D:14)
  48 yaks
  9 basilisks
  2 wraiths
  6 wyverns
  28 fire elementals
  2 humans (D:14)
  3 fire bats (Lair:2)
  2 shadows
  Eustachio (D:4)
  A basilisk (shapeshifter) (D:15)
  A golden eye (shapeshifter) (D:15)
  A warg (Orc:1)
  2 steam dragons
  13 vampire mosquitoes
  Edmund (D:5)
  6 swamp worms
  15 nagas
  An acid dragon (D:8)
  A great orb of eyes simulacrum (IceCv)
  13 water moccasins
  11 hell hounds
  2 sky beasts
  33 orc warriors
  4 swamp drakes
  An ice beast (D:6)
  4 black bears
  9 centaurs
  5 ogres
  14 wolves
  3 lemures (D:6)
  2 phantoms (D:5)
  5 slime creature simulacra (IceCv)
  2 kobold brigands
  11 bullfrogs
  4 glowing shapeshifter simulacra (IceCv)
  2 gnoll sergeants
  7 scorpions
  A wight (D:8)
  12 killer bees
  4 howler monkeys
  An electric eel (Lair:2)
  A crimson imp (D:3)
  2 lava snakes (Lair:5)
  4 hounds
  A bombardier beetle (D:5)
  6 jellies
  2 gnoll boudas (D:4)
  36 orc priests
  A sleepcap (D:4)
  4 hell rats (Lair:3)
  8 iguanas
  32 orc wizards
  11 adders
  26 gnolls
  2 shadow imps
  5 white imps
  4 ufetubi
  2 ribbon worms (D:5)
  5 dart slugs
  95 orcs
  8 ball pythons
  9 bats
  8 endoplasms
  6 giant cockroaches
  3 goblins
  7 hobgoblins
  7 jackals
  7 quokkas
  3 frilled lizards
  15 kobolds
  5 rats
  3 aspiring fleshes
1344 creatures vanquished.

Vanquished Creatures (others)
  A quicksilver dragon (Zot:1)
  A fire giant (Depths:3)
  An ugly thing (Depths:1)
  A lava snake (Lair:5)
4 creatures vanquished.

Grand Total: 1348 creatures vanquished

Notes
Turn   | Place    | Note
-------+----------+-------------------------------------------
     0 | D:1      | browni3141 the Minotaur Fighter began the quest for the
                  | Orb.
     0 | D:1      | Reached XP level 1. HP: 19/19 MP: 0/0
    70 | D:1      | Found Nanampulu's Jewellery Shop.
   189 | D:1      | Found Tourup's Antique Armour Emporium.
   197 | D:1      | Reached XP level 2. HP: 26/27 MP: 1/1
   409 | D:1      | Found Lefrerewn's Jewellery Shoppe.
   683 | D:2      | Reached skill level 4 in Shields
   744 | D:2      | Reached XP level 3. HP: 33/33 MP: 2/2
   777 | D:2      | Reached XP level 4. HP: 5/40 MP: 3/3
  1382 | D:2      | Identified the +6 rapier of the Lame Duck {flame, ^Contam
                  | Will+ Dex+4}
  1674 | D:3      | Reached XP level 5. HP: 23/47 MP: 4/4
  2011 | D:3      | Reached skill level 5 in Axes
  2040 | D:3      | Noticed Grinder
  2050 | D:3      | Killed Grinder
  2051 | D:3      | Reached skill level 5 in Fighting
  2051 | D:3      | Reached skill level 5 in Armour
  2051 | D:3      | Reached skill level 5 in Shields
  2051 | D:3      | Reached XP level 6. HP: 56/56 MP: 5/5
  2174 | D:3      | Found a radiant altar of Vehumet.
  2187 | D:3      | Found a burning altar of Makhleb.
  2364 | D:3      | Found a hide-covered altar of Uskayaw.
  2388 | D:3      | Found a shadowy altar of Dithmenos.
  2395 | D:3      | Found an ornate altar of the Wu Jian Council.
  2607 | D:3      | Found a blossoming altar of Fedhas.
  2913 | D:4      | Reached XP level 7. HP: 60/61 MP: 6/6
  3047 | D:4      | Noticed Eustachio
  3079 | D:4      | Killed Eustachio
  3701 | D:4      | Found a shimmering blue altar of Sif Muna.
  3706 | D:4      | Reached skill level 6 in Shields
  4241 | D:5      | Entered Level 5 of the Dungeon
  4414 | D:5      | Reached XP level 8. HP: 62/70 MP: 7/7
  4689 | D:5      | Found Yticip's Assorted Antiques.
  4697 | D:5      | Bought a viscous sapphire potion for 22 gold pieces
  4697 | D:5      | Bought a white potion for 22 gold pieces
  4697 | D:5      | Bought a scroll labelled ITEACLAUFF for 25 gold pieces
  4916 | D:5      | Noticed Edmund
  4935 | D:5      | Killed Edmund
  5168 | D:5      | Reached skill level 7 in Shields
  5558 | D:1      | Bought a pair of embroidered boots for 165 gold pieces
  5774 | D:6      | Noticed Pikel
  5787 | D:6      | Killed Pikel
  5788 | D:6      | Reached XP level 9. HP: 72/79 MP: 8/8
  5935 | D:6      | Noticed Maggie
  5943 | D:6      | Killed Maggie
  5944 | D:6      | Reached skill level 10 in Axes
  6119 | D:6      | Found an iron altar of Okawaru.
  6165 | D:6      | Reached skill level 8 in Shields
  6247 | D:6      | Noticed Sigmund
  6259 | D:6      | Killed Sigmund
  6333 | D:6      | Became a worshipper of Warmaster Okawaru
  6849 | D:7      | Noticed a two-headed ogre
  6859 | D:7      | Noticed a manticore
  6861 | D:7      | Killed a two-headed ogre
  6862 | D:7      | Reached skill level 1 in Throwing
  6862 | D:7      | Reached skill level 1 in Invocations
  6862 | D:7      | Reached XP level 10. HP: 72/90 MP: 9/9
  6871 | D:7      | Killed a manticore
  6871 | D:7      | Reached * piety under Okawaru
  6884 | D:7      | HP: 4/90 [slime creature (6)]
  7246 | D:7      | Identified the ring of Suckur {rC- Will+ Str+2 Dex+2}
  7289 | D:7      | Reached skill level 9 in Shields
  7584 | D:7      | Got the Handbook of the Felsic Bonfire
  7634 | D:7      | Found a staircase to the Ecumenical Temple.
  7744 | D:7      | Noticed Joseph
  7754 | D:7      | Killed Joseph
  7754 | D:7      | Reached ** piety under Okawaru
  8190 | D:8      | Found the ring of the Tortoise {AC+8}
  8409 | D:8      | Found a stormy altar of Qazlal.
  8533 | D:8      | Found a viscous altar of Jiyva.
  9013 | D:9      | Noticed a two-headed ogre
  9146 | D:9      | Killed a two-headed ogre
  9147 | D:9      | Reached XP level 11. HP: 82/97 MP: 9/12
  9508 | D:9      | Noticed a boulder beetle
  9629 | D:9      | Killed a boulder beetle
  9629 | D:9      | Reached *** piety under Okawaru
 10050 | D:10     | Entered Level 10 of the Dungeon
 10115 | D:10     | Found a sparkling altar of Nemelex Xobeh.
 10172 | D:10     | Identified the +5 long sword of Umymnula {heavy, rPois}
 10268 | D:10     | Noticed a two-headed ogre
 10280 | D:10     | Killed a two-headed ogre
 10423 | D:10     | Reached skill level 10 in Fighting
 10944 | D:11     | Reached skill level 10 in Shields
 10997 | D:11     | Found a staircase to the Lair.
 11016 | D:11     | Reached **** piety under Okawaru
 11017 | D:11     | Reached skill level 10 in Armour
 11234 | D:11     | Found a broken altar of Ashenzari.
 11606 | D:11     | Reached ***** piety under Okawaru
 11876 | D:11     | Found a staircase to the Orcish Mines.
 12069 | Lair:1   | Entered Level 1 of the Lair of Beasts
 12100 | Lair:1   | Received a gift from Okawaru
 12177 | Lair:1   | Reached skill level 5 in Throwing
 12338 | Lair:1   | Reached XP level 12. HP: 107/107 MP: 14/14
 12425 | Lair:1   | Reached skill level 11 in Shields
 12733 | Lair:1   | Reached skill level 5 in Invocations
 13314 | Lair:1   | Received a gift from Okawaru
 13605 | Lair:2   | Found a staircase to the Swamp.
 13646 | Lair:2   | HP: 5/108 [poisoned by a swamp dragon (poison gas)]
 13650 | Lair:2   | HP: 2/108 [poisoned by a swamp dragon (poison gas)]
 13956 | Lair:2   | Noticed a four-headed hydra
 13964 | Lair:2   | Killed a four-headed hydra
 14302 | Lair:2   | Reached skill level 12 in Shields
 14949 | Lair:3   | Received a gift from Okawaru
 15105 | Lair:3   | Noticed Fannar
 15133 | Lair:3   | Killed Fannar
 15535 | Lair:3   | Received a gift from Okawaru
 15641 | Lair:3   | Reached skill level 15 in Axes
 15672 | Lair:3   | Reached XP level 13. HP: 116/116 MP: 16/16
 15771 | Lair:3   | Found a staircase to the Snake Pit.
 16042 | Lair:3   | Received a gift from Okawaru
 16403 | Snake:1  | Entered Level 1 of the Snake Pit
 16451 | Lair:4   | Reached skill level 13 in Shields
 16670 | Lair:4   | Received a gift from Okawaru
 16916 | Lair:4   | Received a gift from Okawaru
 16987 | Lair:4   | Identified the +2 buckler of Koen {rElec rPois Dex-2}
 17282 | Lair:4   | Found a staircase to the Slime Pits.
 17282 | Lair:4   | Found a viscous altar of Jiyva.
 17627 | Lair:5   | Entered Level 5 of the Lair of Beasts
 18077 | Lair:5   | Received a gift from Okawaru
 18111 | Lair:5   | Reached ****** piety under Okawaru
 18112 | Lair:5   | Acquired the +2 cloak of the Buccaneer {rN+ Regen+ Int+2}
 18112 | Lair:5   | Received a gift from Okawaru
 18119 | Lair:5   | Acquired a +1 broad axe of electrocution
 18119 | Lair:5   | Received a gift from Okawaru
 18187 | Lair:5   | Reached skill level 14 in Shields
 18190 | Lair:5   | Reached XP level 14. HP: 124/127 MP: 18/18
 18562 | Lair:5   | Found a large runed translucent door.
 18562 | Lair:5   | Found a large runed translucent door.
 19287 | Orc:1    | Entered Level 1 of the Orcish Mines
 19313 | Orc:1    | Received a gift from Okawaru
 19323 | D:11     | HP: 6/127 [poisoned by an orange demon]
 19754 | Orc:1    | Found Idduhun's Distillery.
 19806 | Orc:1    | Found Koacimem's Distillery.
 19813 | Orc:1    | Bought a potion of heal wounds for 80 gold pieces
 19813 | Orc:1    | Bought a potion of resistance for 160 gold pieces
 19813 | Orc:1    | Bought a potion of might for 64 gold pieces
 19813 | Orc:1    | Bought a potion of might for 64 gold pieces
 19815 | Orc:1    | Found Neokhio's Distillery.
 19816 | Orc:1    | Bought a potion of resistance for 140 gold pieces
 19816 | Orc:1    | Bought a potion of haste for 140 gold pieces
 19816 | Orc:1    | Bought a potion of heal wounds for 70 gold pieces
 19816 | Orc:1    | Bought a potion of resistance for 140 gold pieces
 19816 | Orc:1    | Bought a potion of attraction for 42 gold pieces
 19835 | Orc:1    | Bought a potion of berserk rage for 55 gold pieces
 19844 | Orc:1    | Found Nith's General Store.
 19852 | Orc:1    | Bought a scroll of teleportation for 36 gold pieces
 20037 | Orc:1    | Found Relyddux's Armour Boutique.
 20130 | Orc:2    | Entered Level 2 of the Orcish Mines
 20163 | Orc:2    | Found a staircase to the Elven Halls.
 20550 | Orc:2    | Noticed Rupert
 20551 | Orc:2    | Noticed Donald
 20559 | Orc:2    | Killed Rupert
 20561 | Orc:2    | Reached skill level 15 in Shields
 20572 | Orc:2    | Killed Donald
 20589 | Orc:2    | Received a gift from Okawaru
 20592 | Orc:2    | Noticed an orc warlord
 20608 | Orc:2    | Killed an orc warlord
 20727 | Orc:2    | Found Tijasocw's Antique Armour Shop.
 20735 | Orc:2    | Found Ampit's Antique Weapon Boutique.
 20764 | Orc:2    | Found Kyuhirod's General Store.
 20764 | Orc:2    | Found Yzojitin's Book Shop.
 20780 | Orc:2    | Bought a scroll of enchant armour for 112 gold pieces
 21067 | Orc:1    | Bought a scroll of enchant armour for 90 gold pieces
 21078 | Orc:1    | Bought a potion of cancellation for 88 gold pieces
 21156 | D:12     | Received a gift from Okawaru
 21164 | D:12     | Noticed Erolcha
 21169 | D:12     | Killed Erolcha
 21227 | D:12     | Reached XP level 15. HP: 136/136 MP: 20/20
 21606 | D:12     | Identified the +0 short sword "Nogume Wesu" {drain, MP+9}
 22917 | D:14     | Found a gate to the Vaults.
 22978 | D:14     | Received a gift from Okawaru
 22979 | D:14     | Reached skill level 16 in Shields
 23350 | D:14     | Received a gift from Okawaru
 23733 | D:15     | Entered Level 15 of the Dungeon
 23862 | D:15     | Found a gate leading to a gauntlet.
 23875 | Gauntlet | Entered a Gauntlet
 23875 | Gauntlet | Found a transporter.
 23884 | Gauntlet | Found a transporter.
 23900 | Gauntlet | Found a transporter.
 23904 | Gauntlet | Found a transporter.
 23920 | Gauntlet | Found a transporter.
 23933 | Gauntlet | Found a runed translucent gate.
 23934 | Gauntlet | Found a transporter.
 23934 | Gauntlet | Found a runed translucent gate.
 23935 | Gauntlet | Found a runed translucent gate.
 23947 | Gauntlet | Found a transporter.
 23969 | Gauntlet | Found a transporter.
 23971 | Gauntlet | Found a transporter.
 23979 | Gauntlet | Found a transporter.
 24005 | Gauntlet | Found a transporter.
 24005 | Gauntlet | Found a transporter.
 24106 | Gauntlet | Identified the ring "Teherhi" {rElec rPois}
 24133 | Gauntlet | Identified the amulet of Suomau {RegenMP +Inv rF- rN+ rCorr
                  | Int-2}
 24138 | Gauntlet | Identified the amulet "Redef" {Faith -Cast rPois Dex+3
                  | Slay+3}
 24190 | Gauntlet | Identified the +2 ice dragon scales "Cilaics" {rElec rF-
                  | rC++ Int+6}
 24308 | D:15     | Found Nionn's Distillery.
 24369 | D:15     | Received a gift from Okawaru
 24506 | D:15     | Identified the +1 ring mail "Usostrexu" {Harm rC+ Int+3}
 24543 | D:15     | Found a staircase to the Depths.
 24749 | D:15     | Reached skill level 17 in Shields
 25143 | Snake:1  | Noticed Azrael
 25155 | Snake:1  | Killed Azrael
 25155 | Snake:1  | Received a gift from Okawaru
 25213 | Snake:2  | Reached XP level 16. HP: 146/146 MP: 22/22
 25369 | Snake:4  | Entered Level 4 of the Snake Pit
 25415 | Snake:4  | Reached skill level 10 in Throwing
 25482 | Snake:4  | Found a glacial archway.
 25494 | IceCv    | Entered an ice cave
 25568 | IceCv    | Got the Handbook of Cryomancy
 25634 | IceCv    | Received a gift from Okawaru
 25743 | IceCv    | Found a viscous altar of Jiyva.
 25777 | IceCv    | Received a gift from Okawaru
 25792 | IceCv    | Got the ring of Papt {*Slow rElec rF+ rC+ SInv}
 25938 | Snake:4  | Found a runed translucent gate.
 25938 | Snake:4  | Found a runed translucent gate.
 25938 | Snake:4  | Found a runed translucent gate.
 25940 | Snake:4  | Noticed Tang's ghost (adept VSBr)
 25944 | Snake:4  | Found Yclyem's Jewellery Shop.
 26011 | Snake:4  | Reached skill level 10 in Invocations
 26013 | Snake:4  | Reached skill level 18 in Shields
 26229 | Snake:4  | Received a gift from Okawaru
 26249 | Snake:4  | Found Goep Hajab's Jewellery Shoppe.
 26251 | Snake:4  | Found Ingunli's Book Boutique.
 26252 | Snake:4  | Found Xovvod's Jewellery Shoppe.
 26353 | Snake:4  | Reached skill level 15 in Fighting
 26457 | Snake:4  | Noticed Roxanne
 26544 | Snake:4  | Received a gift from Okawaru
 26817 | Snake:4  | Reached XP level 17. HP: 40/156 MP: 23/23
 26823 | Snake:4  | Reached skill level 15 in Armour
 26836 | Snake:4  | Reached skill level 19 in Shields
 27012 | Snake:4  | Received a gift from Okawaru
 27018 | Snake:4  | Got a jade gem with 767 turns to spare
 27063 | Snake:4  | Got a serpentine rune of Zot
 27279 | Swamp:1  | Entered Level 1 of the Swamp
 27451 | Swamp:4  | Entered Level 4 of the Swamp
 27516 | Swamp:4  | Noticed the 27-headed Lernaean hydra
 27557 | Swamp:4  | Got a decaying rune of Zot
 27560 | Swamp:4  | Got a mossy gem with 1507 turns to spare
 27805 | Slime:1  | Entered Level 1 of the Pits of Slime
 27805 | Slime:1  | Noticed an acid blob
 27814 | Slime:1  | Killed an acid blob
 27818 | Slime:1  | Noticed an acid blob
 27822 | Slime:1  | Noticed an acid blob
 27834 | Slime:1  | Killed an acid blob
 27834 | Slime:1  | Received a gift from Okawaru
 27854 | Slime:1  | Killed an acid blob
 27995 | Slime:3  | Noticed an acid blob
 28001 | Slime:3  | Killed an acid blob
 28055 | Slime:4  | Noticed an acid blob
 28066 | Slime:4  | Killed an acid blob
 28066 | Slime:4  | Received a gift from Okawaru
 28081 | Slime:4  | Noticed an acid blob
 28092 | Slime:4  | Killed an acid blob
 28093 | Slime:4  | Reached skill level 20 in Shields
 28135 | Slime:5  | Entered Level 5 of the Pits of Slime
 28135 | Slime:5  | Noticed an acid blob
 28140 | Slime:5  | Killed an acid blob
 28274 | Slime:5  | Noticed the Royal Jelly
 28279 | Slime:5  | Noticed an acid blob
 28279 | Slime:5  | Noticed an acid blob
 28280 | Slime:5  | Noticed an acid blob
 28283 | Slime:5  | Noticed an acid blob
 28283 | Slime:5  | Noticed an acid blob
 28283 | Slime:5  | Noticed an acid blob
 28288 | Slime:5  | Noticed an acid blob
 28288 | Slime:5  | Killed an acid blob
 28289 | Slime:5  | Noticed an acid blob
 28289 | Slime:5  | Killed an acid blob
 28293 | Slime:5  | Noticed an acid blob
 28293 | Slime:5  | Noticed an acid blob
 28294 | Slime:5  | Killed the Royal Jelly
 28294 | Slime:5  | Noticed an acid blob
 28450 | Slime:5  | Killed an acid blob
 28482 | Slime:5  | Received a gift from Okawaru
 28515 | Slime:5  | Noticed an acid blob
 28525 | Slime:5  | Killed an acid blob
 28555 | Slime:5  | HP: 5/158 [titanic slime creature (49)]
 28598 | Slime:5  | Noticed an acid blob
 28604 | Slime:5  | Killed an acid blob
 28691 | Slime:5  | Noticed an acid blob
 28700 | Slime:5  | Killed an acid blob
 28744 | Slime:5  | Noticed an acid blob
 28750 | Slime:5  | Noticed an acid blob
 28751 | Slime:5  | Killed an acid blob
 28760 | Slime:5  | Killed an acid blob
 28767 | Slime:5  | Killed an acid blob
 28772 | Slime:5  | Killed an acid blob
 28779 | Slime:5  | Killed an acid blob
 28888 | Slime:5  | Identified the +3 trident of Gezaocike {drain, Will+}
 28902 | Slime:5  | Noticed an acid blob
 28912 | Slime:5  | Killed an acid blob
 28943 | Slime:5  | Received a gift from Okawaru
 28949 | Slime:5  | Killed an acid blob
 28958 | Slime:5  | Gained mutation: You are vulnerable to cold. (rC-) [a
                  | shining eye]
 28959 | Slime:5  | Gained mutation: You have hidden genetic defects. [a
                  | shining eye]
 28960 | Slime:5  | Reached XP level 18. HP: 109/168 MP: 25/25
 28963 | Slime:5  | Got the Lectures on Blasting
 29025 | Slime:5  | Identified the amulet of Toucozxa {RegenMP rPois}
 29183 | Slime:5  | Gained mutation: You are weak. (Str -2) [a shining eye]
 29332 | Slime:5  | Got a slimy rune of Zot
 29336 | Slime:5  | Identified the +1 scale mail of Duty {rN+ SInv}
 29348 | Slime:5  | Identified the +0 leather armour "Upua" {Rampage}
 29409 | Slime:5  | Identified the ring "Luotoak" {rF+ SInv}
 29431 | Slime:5  | Identified the ring of Cirurch {+Blink rF+}
 29466 | Slime:5  | Identified the ring of Ruiringud {*Slow MP+9 SInv Stlth+}
 29525 | Slime:5  | Reached skill level 21 in Shields
 29632 | Slime:5  | Paralysed by a formless jellyfish for 1 turns
 29642 | Slime:5  | Gained mutation: You are dopey. (Int -2) [hidden defects]
 29691 | Slime:5  | Lost mutation: You are dopey. (Int -2) [potion of mutation]
 29691 | Slime:5  | Lost mutation: You have hidden genetic defects. [potion of
                  | mutation]
 29691 | Slime:5  | Lost mutation: You are weak. (Str -2) [potion of mutation]
 29691 | Slime:5  | Gained mutation: You occasionally lose the ability to read
                  | scrolls when taking damage. [potion of mutation]
 29691 | Slime:5  | Gained mutation: You occasionally shout uncontrollably at
                  | your foes. [potion of mutation]
 29691 | Slime:5  | Gained mutation: You are clumsy. (Dex -2) [potion of
                  | mutation]
 29691 | Slime:5  | Gained mutation: You passively dampen the noise of your
                  | surroundings. [potion of mutation]
 29692 | Slime:5  | Lost mutation: You are clumsy. (Dex -2) [potion of
                  | mutation]
 29692 | Slime:5  | Lost mutation: You passively dampen the noise of your
                  | surroundings. [potion of mutation]
 29692 | Slime:5  | Gained mutation: You are partially covered in iridescent
                  | scales. (AC +2) [potion of mutation]
 29692 | Slime:5  | Gained mutation: Your mind is acute. (Int +4, Str/Dex -1)
                  | [potion of mutation]
 29693 | Slime:5  | Lost mutation: You occasionally lose the ability to read
                  | scrolls when taking damage. [potion of mutation]
 29693 | Slime:5  | Lost mutation: You are partially covered in iridescent
                  | scales. (AC +2) [potion of mutation]
 29693 | Slime:5  | Lost mutation: Your mind is acute. (Int +4, Str/Dex -1)
                  | [potion of mutation]
 29693 | Slime:5  | Gained mutation: You frequently scream uncontrollably at
                  | your foes. [potion of mutation]
 29694 | Slime:5  | Lost mutation: You frequently scream uncontrollably at your
                  | foes. [potion of mutation]
 29694 | Slime:5  | Lost mutation: You are vulnerable to cold. (rC-) [potion of
                  | mutation]
 29694 | Slime:5  | Gained mutation: You have hidden genetic potential. [potion
                  | of mutation]
 29694 | Slime:5  | Gained mutation: You have very sharp teeth. [potion of
                  | mutation]
 29940 | Depths:1 | Entered Level 1 of the Depths
 29959 | Depths:1 | Received a gift from Okawaru
 30049 | D:15     | Received a gift from Okawaru
 30429 | Depths:1 | Received a gift from Okawaru
 30450 | Depths:1 | Identified the +2 leather armour of Mutualism {rCorr}
 30780 | Orc:2    | Bought a twisted plate armour for 868 gold pieces
 30780 | Orc:2    | Identified the +2 plate armour of Nydaec {rPois rN++ Str-4}
                  | (You bought it in a shop on level 2 of the Orcish Mines)
 31064 | Depths:2 | Found a one-way gate leading to the halls of Pandemonium.
 31170 | Depths:3 | Found an ancient bone altar of Kikubaaqudgha.
 31205 | Depths:3 | Reached skill level 22 in Shields
 31207 | Depths:4 | Entered Level 4 of the Depths
 31227 | Depths:3 | Received a gift from Okawaru
 31340 | Depths:4 | Found a gateway to Hell.
 31498 | Depths:4 | Noticed a bone dragon
 31530 | Depths:4 | Killed a bone dragon
 31530 | Depths:4 | Received a gift from Okawaru
 31531 | Depths:4 | Reached XP level 19. HP: 168/177 MP: 27/27
 31684 | Depths:4 | Found a gate to the Realm of Zot.
 31696 | Depths:4 | Got a midnight gem with 2185 turns to spare
 31698 | Zot:1    | Entered Level 1 of the Realm of Zot
 31732 | Zot:1    | Received a gift from Okawaru
 31780 | Zot:1    | Gained mutation: Your muscles are strong. (Str +4, Int/Dex
                  | -1) [hidden potential]
 32007 | Zot:2    | Noticed a Killer Klown
 32021 | Zot:2    | Killed a Killer Klown
 32201 | Zot:2    | Received a gift from Okawaru
 32319 | Zot:2    | Reached skill level 23 in Shields
 32612 | Zot:2    | Received a gift from Okawaru
 32790 | Zot:2    | Noticed an orb of fire
 32792 | Zot:2    | Gained mutation: You are frail. (-10% HP) [an orb of fire]
 32817 | Zot:2    | Gained mutation: You are very frail. (-20% HP) [an orb of
                  | fire]
 32819 | Zot:2    | Killed an orb of fire
 32997 | Zot:1    | Noticed an electric golem
 33025 | Zot:1    | Killed an electric golem
 33367 | Orc:1    | Bought a potion of mutation for 112 gold pieces
 33367 | Orc:1    | Bought a potion of mutation for 112 gold pieces
 33367 | Orc:1    | Bought a potion of curing for 42 gold pieces
 33367 | Orc:1    | Lost mutation: You are very frail. (-20% HP) [potion of
                  | mutation]
 33367 | Orc:1    | Lost mutation: You occasionally shout uncontrollably at
                  | your foes. [potion of mutation]
 33367 | Orc:1    | Lost mutation: You are frail. (-10% HP) [potion of
                  | mutation]
 33367 | Orc:1    | Gained mutation: You sometimes lose your temper in combat.
                  | [potion of mutation]
 33367 | Orc:1    | Gained mutation: Your flesh is cold resistant. (rC+)
                  | [potion of mutation]
 33373 | Orc:1    | Bought 2 potions of haste for 320 gold pieces
 33383 | Orc:1    | Bought a potion of might for 44 gold pieces
 33383 | Orc:1    | Bought a potion of curing for 33 gold pieces
 33383 | Orc:1    | Bought a potion of cancellation for 88 gold pieces
 33724 | Zot:1    | Noticed a golden dragon
 33733 | Zot:1    | Killed a golden dragon
 34330 | Zot:3    | Received a gift from Okawaru
 34331 | Zot:3    | Reached XP level 20. HP: 189/189 MP: 29/29
 34481 | Zot:3    | Reached skill level 24 in Shields
 34657 | Zot:3    | Noticed a golden dragon
 34673 | Zot:3    | Killed a golden dragon
 34948 | Zot:3    | Received a gift from Okawaru
 34973 | Zot:3    | Noticed an orb of fire
 34973 | Zot:3    | Lost mutation: You have hidden genetic potential. [an orb
                  | of fire]
 34988 | Zot:3    | Gained mutation: You are dopey. (Int -2) [an orb of fire]
 34991 | Zot:3    | Killed an orb of fire
 35135 | Zot:5    | Entered Level 5 of the Realm of Zot
 35421 | Zot:5    | Received a gift from Okawaru
 35802 | Zot:5    | Noticed an orb of fire
 35802 | Zot:5    | Noticed a dread lich
 35802 | Zot:5    | Noticed a dread lich
 35802 | Zot:5    | Noticed an ancient lich
 35802 | Zot:5    | Noticed a Killer Klown
 35802 | Zot:5    | Noticed a dread lich
 35803 | Zot:5    | Paralysed by a dread lich for 2 turns
 35806 | Arena    | Entered the Arena
 35850 | Zot:5    | Noticed a golden dragon
 35873 | Zot:5    | Noticed a Killer Klown
 35878 | Zot:5    | Reached skill level 25 in Shields
 35881 | Zot:5    | Noticed a Killer Klown
 35882 | Zot:5    | Noticed an orb of fire
 35882 | Zot:5    | Noticed a Killer Klown
 35883 | Zot:5    | Noticed a Killer Klown
 35883 | Zot:5    | Noticed an orb of fire
 35892 | Zot:5    | Received a gift from Okawaru
 35902 | Zot:5    | Killed an orb of fire
 35904 | Zot:5    | Gained mutation: Armour fits poorly on your strangely
                  | shaped body. [an orb of fire]
 35908 | Zot:5    | Killed a Killer Klown
 35927 | Arena    | Entered the Arena
 35977 | Zot:5    | Killed a golden dragon
 36108 | Zot:5    | Noticed a Killer Klown
 36109 | Zot:5    | Noticed a dread lich
 36165 | Zot:5    | Paralysed by a dread lich for 2 turns
 36175 | Zot:5    | Killed a dread lich
 36177 | Zot:5    | Killed a dread lich
 36180 | Zot:5    | Noticed a dread lich
 36191 | Zot:5    | Killed an orb of fire
 36191 | Zot:5    | Received a gift from Okawaru
 36199 | Zot:5    | Reached XP level 21. HP: 61/201 MP: 24/30
 36204 | Zot:5    | Noticed an ancient lich
 36206 | Zot:5    | Killed a dread lich
 36218 | Zot:5    | Killed an orb of fire
 36234 | Zot:5    | Killed an ancient lich
 36235 | Zot:5    | Noticed a Killer Klown
 36237 | Arena    | Entered the Arena
 36246 | Arena    | Killed a dread lich
 36246 | Arena    | Received a gift from Okawaru
 36266 | Zot:5    | Reached skill level 26 in Shields
 36268 | Zot:5    | Killed a Killer Klown
 36269 | Zot:5    | Killed a dread lich
 36272 | Zot:5    | Killed a Killer Klown
 36276 | Zot:5    | Killed a Killer Klown
 36281 | Zot:5    | Killed an ancient lich
 36286 | Zot:5    | Killed a Killer Klown
 36286 | Zot:5    | Received a gift from Okawaru
 36308 | Zot:5    | Killed a Killer Klown
 36317 | Zot:5    | Killed a Killer Klown
 36521 | Zot:5    | Got the Orb of Zot
 36840 | Zot:1    | Received a gift from Okawaru
 37063 | D:12     | Gained mutation: Your health recovers twice as slowly from
                  | being drained. [a cacodemon]
 37295 | D:3      | Noticed Guskup the pandemonium lord
 37356 | D:$      | Escaped with the Orb!

Illustrated notes

Levels and vault maps discovered:
D:1:      heliophobic_arrival_glass_houses, layout_basic, serial_shops, shop,
          nicolae_shop_just_a_little_nook, shop, minmay_close_crescents
D:2:      minmay_skewed_foursquare, layout_loops_ring, lemuel_flame_loot_1
D:3:      wad_crossroads, layout_basic,
          grunt_temple_overflow_lords_of_destruction,
          mainiacjoe_overflow_six_doors_small, fedhas_altar_fruit_tree,
          amethyst_overflow_temple_binary, minmay_misc_feat_plants,
          mrwooster_statue_mirror, minmay_misc_feat_tower, uniq_grinder
D:4:      layout_layer_cave, mainiacjoe_overflow_surrounded_room, uniq_eustachio
D:5:      wad_river_or_something, layout_basic, serial_shops,
          nicolae_shop_window_shopping, uniq_edmund
D:6:      layout_loops_ring, hellmonk_okawaru_the_only_friend_you_need,
          gup_sewer_entry_glass, uniq_sigmund, uniq_maggie, uniq_pikel
D:7:      minmay_the_grid_square_5x5_3x3
          [minmay_the_grid_square_5x5_broken_cross,
          minmay_the_grid_square_5x5_two_walls_b,
          minmay_the_grid_square_5x5_plus,
          minmay_the_grid_square_5x5_checkered_statues,
          minmay_the_grid_square_5x5_megaprize_diamond,
          minmay_the_grid_square_5x5_doubleslash,
          minmay_the_grid_square_5x5_two, minmay_the_grid_square_5x5_bite,
          minmay_the_grid_square_5x5_shrine2], layout_loops_ring,
          minmay_temple_entry_sparse_star, uniq_joseph
D:8:      layout_loops_ring, nicolae_overflow_hidden_temple,
          nicolae_qazlal_style_of_elements, jiyva_altar_1
D:9:      layout_cave_pools, serial_park, serial_park_square1
          [serial_park_minivault_5x5_1], serial_park_square1
          [serial_park_minivault_5x5_3], minmay_between
D:10:     layout_roguey, nemelex_xobeh_ov_fountains_minmay
D:11:     layout_stronghold, david_lair_shrubbed, orc_0_dummy,
          cheibrodos_ashenzari_chains
D:12:     kennysheep_blocky_room, layout_cave_pods, uniq_erolcha
D:13:     layout_cave_pods
D:14:     layout_roguey, grunt_vaults_entry_fortified, hangedman_decor_lopped
D:15:     hangedman_depths_entry_try_elsewhere_first, layout_rooms,
          serial_shops, shop, reono_crystal_passage, gauntlet_entry_generic,
          eino_tiny_chamber
Lair:1:   layout_cave_pods, st_stairs_5
Lair:2:   layout_gridlike, mainiacjoe_swamp_entry_lozenge_pond, minmay_holes
Lair:3:   layout_loops_ring, guppyfry_snake_entry_island,
          infiniplex_staircase_pool_2, uniq_fannar
Lair:4:   layout_roguey, minmay_slime_entry_oklob_open, beast_lair_carwin_3
Lair:5:   cheibrodos_lair_end_hotspot, layout_misc_corridors, minivault_26
Swamp:1:  layout_basic_swamp, evilmike_swamp_ruin_rubble_2, swamp_pool_5,
          uniq_nikola
Swamp:2:  layout_falls_marsh, evilmike_swamp_ruin_house_3
Swamp:3:  layout_basic_swamp, nicolae_swamp_triple_paths, swamp_pool_1_2,
          worms_lemuel
Swamp:4:  swamp_old_school, layout_basic_swamp, swamp_pool_4,
          nicolae_swamp_long_stream
Snake:1:  layout_chambers, serial_bayou_pond_d, nicolae_snake_dead_anacondas,
          grunt_megastairs_4, uniq_azrael
Snake:2:  layout_onion_interference, grunt_megastairs_1
Snake:3:  layout_concentric_octagons, basic_altar
Snake:4:  grunt_snake_rune_serpentine_throne, layout_basic,
          portal_ice_cave_entry_ice_statue_one, ebering_ghost_rock_garden,
          serial_shops, shop, nicolae_snake_lava_pool, minmay_shop_grove,
          uniq_roxanne
Slime:1:  layout_caves
Slime:2:  layout_caves
Slime:3:  layout_caves
Slime:4:  layout_caves, nicolae_slime_rock_hall_of_fame
Slime:5:  slime_pit_nicolae_amoeboid
Orc:1:    layout_diamond_mine, serial_shops, shop,
          nicolae_shop_advertising_works [nicolae_subvault_shop_adworks], shop,
          shop, shop
Orc:2:    st_orc_congregation, layout_diamond_mine, nicolae_orc_crystal_geode,
          uniq_donald, uniq_rupert
Depths:1: layout_twisted_cross, hell_entry, nicolae_trove_entry_path_of_doom,
          grunt_decor_arrowhead, grunt_pan_entry_sceptre, dk_noncrumbling_3,
          kennysheep_generic_room_14
Depths:2: kennysheep_spiral_hall, layout_cave_pools, pan_entry,
          nicolae_sif_muna_condensation, grunt_hell_horde,
          beargit_elvish_explorers
Depths:3: four-leaf_vault, layout_basic, enter_ziggurat_f,
          minmay_room_of_horrors, pan_entry, ebering_ghost_gozag, hell_entry,
          kiku_gazebo_garden_becter, uniq_norris
Depths:4: grunt_zot_entry_gee_three, layout_gridlike, hell_entry
Zot:1:    layout_cathedral_of_symmetry
Zot:2:    lemuel_firehouse, layout_concentric_octagons, nicolae_zig_zag_zippers
Zot:3:    kennysheep_ambush_hall, layout_basic, regret_index_zotdec_zees
Zot:4:    layout_basic
Zot:5:    layout_cathedral_of_symmetry, regret_index_zotdec_stipple_waver

Skill      XL: |  1  2  3  4  5  6  7  8  9 10 11 12 13 14 15 16 17 18 19 20 21 |
---------------+----------------------------------------------------------------+-----
Axes           | 3 4 5 6 7 9 11 12 13 15 16 17 18 | 18.0
Shields        | 4 5 6 7 8 9 10 12 14 15 17 18 20 22 23 25 26 | 26.7
Fighting       | 4 5 6 7 8 9 10 11 12 13 14 15 16 17 18 20 | 20.7
Armour         | 4 5 6 7 8 9 10 11 12 13 14 16 17 18 19 20 | 20.5
Throwing       | 1 3 5 6 7 8 9 11 | 11.0
Invocations    | 1 3 4 6 7 8 9 10 11 13 14 | 14.0

Action                     |  1- 3 |  4- 6 |  7- 9 | 10-12 | 13-15 | 16-18 | 19-21 || total
---------------------------+-------+-------+-------+-------+-------+-------+-------++-------
  Melee: War axe           |    61 |   104 |   272 |   764 |   285 |       |       ||  1486
         Headbutt          |     5 |    13 |    39 |   177 |   205 |   357 |   267 ||  1063
         Broad axe         |       |       |       |       |   541 |  1124 |   909 ||  2574
         Bite              |       |       |       |       |       |    65 |   155 ||   220
  Throw: Javelin           |       |       |       |    10 |    41 |    68 |    26 ||   145
         Boomerang         |       |       |       |       |    23 |       |    67 ||    90
 Invoke: Heroism           |       |       |       |     3 |    11 |     7 |     5 ||    26
         Receive Weapon    |       |       |       |       |     1 |       |       ||     1
         Receive Armour    |       |       |       |       |     1 |       |       ||     1
         Finesse           |       |       |       |       |     2 |     2 |     8 ||    12
         Duel              |       |       |       |       |       |       |     3 ||     3
  Evoke: Condenser vane    |       |       |       |       |     1 |     1 |     1 ||     3
         Phial of floods   |       |       |       |       |       |       |     1 ||     1
    Use: Scroll            |       |       |     7 |    12 |    21 |     9 |    11 ||    60
         Potion            |       |       |       |     4 |     1 |    18 |    21 ||    44
   Stab: Invisible         |       |       |       |       |       |     6 |       ||     6
         Confused          |       |       |       |       |       |       |     1 ||     1
         Distracted        |       |       |       |       |       |       |     1 ||     1
 Armour: Scale mail        |    46 |    67 |    75 |       |       |       |       ||   188
         Ring mail         |       |       |    18 |       |       |       |       ||    18
         Chain mail        |       |       |    70 |    90 |       |       |       ||   160
         Plate armour      |       |       |       |   510 |   702 |   715 |   542 ||  2469
  Dodge: Dodged            |    35 |    53 |   166 |   228 |   261 |   152 |   109 ||  1004
  Block: Buckler           |    14 |    25 |    30 |       |       |       |       ||    69
         Kite shield       |       |       |    34 |       |       |       |       ||    34
         Tower shield      |       |       |   105 |   753 |  1522 |  1574 |  1059 ||  5013
         Reflection        |       |       |       |       |    22 |       |       ||    22
